 Dungeon Crawl Stone Soup version 0.30-a0-354-g6b83867211 (webtiles) character file.

Game seed: 1228609892481967065

2888 koil the Sneak (level 9, -7/45 HPs)
             Began as a Spriggan Enchanter on Nov 8, 2022.
             Was a Believer of Okawaru.
             Mangled by an orc warlord
             ... wielding a +6 broad axe
              (36 damage)
             ... in a bailey.
             The game lasted 00:34:02 (7258 turns).

koil the Sneak (Spriggan Enchanter)                 Turns: 7258, Time: 00:34:03

Health: -7/45      AC:  3    Str:  4    XL:     9   Next: 48%
Magic:  16/19      EV: 21    Int: 21    God:    Okawaru [**....]
Gold:   1197       SH:  0    Dex: 17    Spells: 4/20 levels left

rFire   + . .      SeeInvis +    a - +1 dagger (venom)
rCold   . . .      Faith    .    (no shield)
rNeg    . . .      Spirit   .    l - +0 robe
rPois   .          Reflect  .    (helmet restricted)
rElec   .          Harm     .    y - +0 cloak
rCorr   .          Rampage  .    (gloves unavailable)
Will    +....                    (boots unavailable)
Stlth   +++++.....               k - amulet of magic regeneration
HPRegen 0.27/turn                (no ring)
MPRegen 0.56/turn                (no ring)

@: confusing by touch, very quick
A: very small, no large weapons, unfitting armour, see invisible, speed 3, horns
1, thin skeletal structure 1, fire resistance 1, sturdy frame 1
a: Renounce Religion, Heroism


You were in a bailey.
You worshipped Okawaru.
Okawaru was pleased with you.
You visited 2 branches of the dungeon, and saw 8 of its levels.
You also visited: Bailey.

You collected 1197 gold pieces.

Inventory:

Hand Weapons
 a - a +1 dagger of venom (weapon)
 b - the +6 shillelagh "Devastator" {shatter}
   (You found it on level 4 of the Dungeon)

   It releases a powerful concussive burst when it strikes, dealing extra damage
   to the target and all other foes adjacent to them.
 f - a +1 dagger of draining
 h - a +1 dagger
Missiles
 n - 3 throwing nets (quivered) {!f}
 B - 3 poisoned darts
Armour
 l - a +0 robe (worn)
 y - a +0 cloak (worn)
Magical Staves
 m - a staff of death
Jewellery
 k - an amulet of magic regeneration (around neck)
Wands
 s - a wand of mindburst (13)
Scrolls
 d - a scroll of immolation
 g - 3 scrolls of enchant weapon
 i - 4 scrolls of fear
 j - 2 scrolls of teleportation
 p - 2 scrolls of blinking
 u - 2 scrolls of enchant armour {unknown}
Potions
 c - 2 potions of invisibility
 e - 3 potions of flight
 o - a potion of brilliance {unknown}
 q - 3 potions of cancellation
 r - 4 potions of heal wounds
 t - a potion of haste


   Skills:
 + Level 3.8 Fighting
 + Level 5.5 Short Blades
 + Level 7.0 Dodging
 - Level 7.0 Stealth
 + Level 6.4 Spellcasting
 + Level 3.3 Conjurations
 - Level 7.0 Hexes
 - Level 3.0 Transmutations
 + Level 2.6 Invocations


You had 4 spell levels left.
You knew the following spells:

 Your Spells              Type           Power      Damage    Failure   Level
a - Ensorcelled Hibernat  Hex/Ice        42%        N/A       3%          2
b - Confusing Touch       Hex            36%        N/A       1%          3
c - Tukima's Dance        Hex            36%        N/A       1%          3
d - Dazzling Flash        Conj/Hex       56%        N/A       3%          3
e - Yara's Violent Unrav  Hex/Tmut       13%        3d7       32%         5

Your spell library contained the following spells:

 Spells                   Type           Power      Damage    Failure   Level
 Passage of Golubria      Tloc           6%         N/A       67%         4


Dungeon Overview and Level Annotations

Branches:
Dungeon (7/15)             Temple (1/1) D:5          Bailey (1/1)

Altars:
Ashenzari
Cheibriados
Dithmenos
Elyvilon
Fedhas
Gozag
Kikubaaqudgha
Makhleb
Nemelex Xobeh
Okawaru
Qazlal
Ru
Sif Muna
Trog
Uskayaw
Vehumet
Xom
Yredelemnul
Zin
The Shining One


Innate Abilities, Weirdness & Mutations

You are very small and have problems with some larger weapons.
You are too small for most types of armour.
You have supernaturally acute eyesight. (SInv)
You cover ground extremely quickly. (Speed+++)
You have a pair of small horns on your head.
You have a somewhat thin skeletal structure. (Dex +2, Stealth+)
Your flesh is heat resistant. (rF+)
Your movements are slightly less encumbered by armour. (ER -2)


Message History

Casting: Ensorcelled Hibernation (safe; 3% risk of failure)
Confirm with . or Enter, or press ? or * to list all spells.
Okay, then.
Casting: Ensorcelled Hibernation (safe; 3% risk of failure)
Confirm with . or Enter, or press ? or * to list all spells.
You cannot coerce anything to obey you.
Unknown command.
Casting: Ensorcelled Hibernation (safe; 3% risk of failure)
Confirm with . or Enter, or press ? or * to list all spells.
Okay, then.
Casting: Ensorcelled Hibernation (safe; 3% risk of failure)
Confirm with . or Enter, or press ? or * to list all spells.
You cannot coerce anything to obey you.
Unknown command.
Casting: Ensorcelled Hibernation (safe; 3% risk of failure)
Confirm with . or Enter, or press ? or * to list all spells.
Aiming: Ensorcelled Hibernation (safe; 3% risk of failure)
Press: ? - help, Shift-Dir - straight line, f - orc warlord
Aim: an orc warlord, wielding a +6 broad axe and wearing a +0 chain mail (chance to affect: 21%)
The orc warlord resists with almost no effort.
Casting: Ensorcelled Hibernation (safe; 3% risk of failure)
Confirm with . or Enter, or press ? or * to list all spells.
Aiming: Ensorcelled Hibernation (safe; 3% risk of failure)
Press: ? - help, Shift-Dir - straight line, f/p - orc warlord
Aim: an orc warlord, wielding a +6 broad axe and wearing a +0 chain mail (chance to affect: 21%)
The orc warlord looks drowsy...
Casting: Ensorcelled Hibernation (safe; 3% risk of failure)
Confirm with . or Enter, or press ? or * to list all spells.
Your hands begin to glow red.
The orc warlord shouts!
You hit the orc warlord but do no damage.
You headbutt the orc warlord.
The orc warlord is lightly wounded.
The orc warlord hits you with a +6 broad axe!
You hit the orc warlord but do no damage.
You headbutt the orc warlord, but do no damage.
The orc warlord is lightly wounded.
The orc warlord hits you with a +6 broad axe!!!
Ouch! That really hurt!
You die...

..#~).....~#~~#.....##
..#~!........~#....##
..##8.8...8.8~##...#
...#.........~~'..(#
).(#....∩....~~'...#
...#.........~~'...#
..##8.8...8.8~##...#
..#~?........~#.o.)##
..#~[.....~#~~#.@...##
..##~~~#~~~####......##
...#########..)...8...#
8...)(.))))'..........#
.....#~~~~~#..........#
.....#~~~~~#...8..8..##
8...##~~~~~##.......##
...##.......##.....##
..##.........##...##


You could see an orc warlord.

Vanquished Creatures
  2 orc knights (Bailey)
  4 dancing weapons (D:3)
  2 water moccasins
  Duvessa (D:6)
  An orc warrior (Bailey)
  An ice beast (D:6)
  A black bear (D:4)
  An ogre (D:5)
  A phantom (D:6)
  A bullfrog (D:7)
  2 necrophages (D:7)
  4 scorpions
  Dowan (D:6)
  A water moccasin skeleton (D:3)
  A jelly (D:7)
  An orc priest (D:3)
  A gnoll bouda (D:6)
  Crazy Yiuf (D:3)
  4 iguanas
  4 orc wizards
  A scorpion zombie (D:3)
  A hound zombie (D:3)
  4 adders
  21 gnolls
  2 adder zombies (D:3)
  3 worms
  3 dart slugs
  11 orcs
  5 endoplasms
  2 giant cockroaches
  18 goblins
  10 hobgoblins
  2 jackals (D:4)
  3 quokkas
  3 ball pythons
  2 ball python skeletons (D:3)
  2 ball python zombies (D:3)
  3 bats
  2 frilled lizards
  21 kobolds
  4 rats
  3 withered plants (D:3)
161 creatures vanquished.

Notes
Turn   | Place    | Note
-------+----------+-------------------------------------------
     0 | D:1      | koil the Spriggan Enchanter began the quest for the Orb.
     0 | D:1      | Reached XP level 1. HP: 9/9 MP: 5/5
    44 | D:1      | HP: 1/9 [frilled lizard (3)]
   283 | D:1      | Reached XP level 2. HP: 13/13 MP: 6/6
   530 | D:1      | Learned a level 2 spell: Ensorcelled Hibernation
  1150 | D:2      | Reached XP level 3. HP: 5/17 MP: 8/8
  1154 | D:2      | Learned a level 3 spell: Confusing Touch
  2047 | D:3      | Found a basalt altar of Yredelemnul.
  2088 | D:3      | Found a runed translucent door.
  2089 | D:3      | Noticed Crazy Yiuf
  2117 | D:3      | Learned a level 3 spell: Tukima's Dance
  2123 | D:3      | HP: 3/17 [orc wizard/puff of flame (9)]
  2212 | D:3      | Reached skill level 1 in Fighting
  2212 | D:3      | Reached XP level 4. HP: 22/22 MP: 9/9
  2255 | D:3      | HP: 1/22 [orc priest/divine providence (11)]
  2430 | D:3      | Reached skill level 5 in Stealth
  2430 | D:3      | Reached skill level 1 in Transmutations
  2445 | D:3      | Reached XP level 5. HP: 17/25 MP: 9/11
  2684 | D:3      | Reached skill level 1 in Conjurations
  3155 | D:3      | Reached XP level 6. HP: 23/30 MP: 12/12
  3159 | D:3      | Learned a level 3 spell: Dazzling Flash
  3592 | D:3      | Killed Crazy Yiuf
  3832 | D:4      | Found the +6 shillelagh "Devastator" {shatter}
  4474 | D:5      | Entered Level 5 of the Dungeon
  4490 | D:5      | Gained mutation: You are somewhat resistant to further
                  | mutation. [potion of mutation]
  4490 | D:5      | HP: 6/30 [poisoned by a scorpion]
  4497 | D:5      | Reached XP level 7. HP: 12/34 MP: 14/14
  4619 | D:5      | Reached skill level 5 in Hexes
  4772 | D:5      | Found a staircase to the Ecumenical Temple.
  4937 | D:5      | Found a white marble altar of Elyvilon.
  5017 | D:5      | Found a sparkling altar of Nemelex Xobeh.
  5084 | D:5      | Found a glowing golden altar of the Shining One.
  5089 | D:5      | Reached skill level 5 in Dodging
  5433 | Temple   | Entered the Ecumenical Temple
  5617 | Temple   | Became a worshipper of Warmaster Okawaru
  5664 | Temple   | Identified a scroll of acquirement
  5671 | Temple   | Acquired 757 gold pieces
  5674 | Temple   | Lost mutation: You are somewhat resistant to further
                  | mutation. [potion of mutation]
  5674 | Temple   | Gained mutation: You have a pair of small horns on your
                  | head. [potion of mutation]
  5674 | Temple   | Gained mutation: You are robust. (+10% HP) [potion of
                  | mutation]
  5674 | Temple   | Gained mutation: You have sharp toenails. [potion of
                  | mutation]
  5675 | Temple   | Lost mutation: You have a pair of small horns on your head.
                  | [potion of mutation]
  5675 | Temple   | Lost mutation: You are robust. (+10% HP) [potion of
                  | mutation]
  5675 | Temple   | Gained mutation: Your muscles are strong. (Str +4, Int/Dex
                  | -1) [potion of mutation]
  5675 | Temple   | Gained mutation: You have razor-sharp toenails. [potion of
                  | mutation]
  5676 | Temple   | Lost mutation: Your muscles are strong. (Str +4, Int/Dex
                  | -1) [potion of mutation]
  5676 | Temple   | Lost mutation: You have razor-sharp toenails. [potion of
                  | mutation]
  5676 | Temple   | Lost mutation: You have sharp toenails. [potion of
                  | mutation]
  5676 | Temple   | Gained mutation: You have a pair of small horns on your
                  | head. [potion of mutation]
  5676 | Temple   | Gained mutation: You are agile. (Dex +4, Str/Int -1)
                  | [potion of mutation]
  5676 | Temple   | Gained mutation: Your movements are slightly less
                  | encumbered by armour. (ER -2) [potion of mutation]
  5677 | Temple   | Lost mutation: You are agile. (Dex +4, Str/Int -1) [potion
                  | of mutation]
  5677 | Temple   | Lost mutation: You have a pair of small horns on your head.
                  | [potion of mutation]
  5677 | Temple   | Gained mutation: You are clumsy. (Dex -2) [potion of
                  | mutation]
  5677 | Temple   | Gained mutation: Armour fits poorly on your strangely
                  | shaped body. [potion of mutation]
  5678 | Temple   | Lost mutation: You are clumsy. (Dex -2) [potion of
                  | mutation]
  5678 | Temple   | Lost mutation: Armour fits poorly on your strangely shaped
                  | body. [potion of mutation]
  5678 | Temple   | Gained mutation: You expend magic power (3 MP) to
                  | strengthen your wands. [potion of mutation]
  5678 | Temple   | Gained mutation: You are somewhat resistant to further
                  | mutation. [potion of mutation]
  5679 | Temple   | Lost mutation: You expend magic power (3 MP) to strengthen
                  | your wands. [potion of mutation]
  5679 | Temple   | Lost mutation: You are somewhat resistant to further
                  | mutation. [potion of mutation]
  5679 | Temple   | Gained mutation: You have a somewhat thin skeletal
                  | structure. (Dex +2, Stealth+) [potion of mutation]
  5679 | Temple   | Gained mutation: Your flesh is heat resistant. (rF+)
                  | [potion of mutation]
  5679 | Temple   | Gained mutation: You have a pair of small horns on your
                  | head. [potion of mutation]
  5728 | D:6      | Noticed Dowan
  5733 | D:6      | Noticed Duvessa
  5756 | D:6      | Killed Duvessa
  5757 | D:6      | Reached XP level 8. HP: 39/39 MP: 11/16
  5759 | D:6      | Killed Dowan
  5938 | D:6      | Reached skill level 5 in Spellcasting
  6066 | D:6      | Found a burning altar of Makhleb.
  6149 | D:6      | Reached * piety under Okawaru
  6323 | D:6      | Found a bloodstained altar of Trog.
  6488 | D:7      | Reached skill level 1 in Invocations
  6662 | D:7      | Identified the quicksilver dragon scales "Raf Jupn" {Will+
                  | Str-4 Slay+5}
  6726 | D:7      | Found a flagged portal.
  6762 | Bailey   | Entered a bailey
  6808 | Bailey   | Noticed an orc warlord
  6893 | Bailey   | Reached XP level 9. HP: 32/44 MP: 18/18
  6923 | Bailey   | Found a runed translucent gate.
  6925 | Bailey   | Found a runed translucent gate.
  6926 | Bailey   | Found a runed translucent gate.
  6936 | Bailey   | Noticed an orc knight
  7016 | Bailey   | Killed an orc knight
  7017 | Bailey   | Reached skill level 5 in Short Blades
  7124 | Bailey   | Noticed an orc knight
  7143 | Bailey   | Killed an orc knight
  7143 | Bailey   | Reached ** piety under Okawaru
  7158 | Bailey   | Learned a level 5 spell: Yara's Violent Unravelling
  7258 | Bailey   | Mangled by an orc warlord

Illustrated notes

Levels and vault maps discovered:
D:1:      kennysheep_arrival_forest, layout_loops_corners
D:2:      layout_basic
D:3:      layout_basic, amcnicky_altar_gilded, serial_undead, serial_undead_c,
          serial_undead_a, serial_undead_c, serial_undead_d,
          uniq_crazy_yiuf_cottage
D:4:      layout_basic, corexii_hall_statues_u, chequers_serial_rivers_room_b,
          item_on_display_a
D:5:      layout_layer_cave, tso_altar, mainiacjoe_overflow_large_starburst,
          minmay_temple_entry_purple_smoke
D:6:      layout_rooms, lemuel_round_altar, trog_hazing_becter,
          nicolae_underground_beach, uniq_duvessa
D:7:      layout_loops_ring, enter_bailey_3, kennysheep_big_empty_room,
          st_stairs_5, uniq_pikel
Temple:   nicolae_temple_bog_church
Bailey:   bailey_axe_bossmonster_kennysheep, bailey

Skill      XL: |  1  2  3  4  5  6  7  8  9 |
---------------+----------------------------+-----
Dodging        | 3 4 5 6 7 |  7.0
Spellcasting   | 3 4 5 6 |  6.4
Hexes          | 4 5 6 7 |  7.0
Fighting       | 1 2 3 |  3.8
Stealth        | 5 6 7 |  7.0
Transmutations | 1 2 3 |  3.0
Short Blades   | 2 3 4 5 |  5.5
Conjurations   | 1 2 3 |  3.3
Invocations    | 1 2 |  2.6

Action                   |  1- 3 |  4- 6 |  7- 9 || total
-------------------------+-------+-------+-------++-------
Melee: Dagger            |   100 |   128 |    64 ||   292
       Punch             |     2 |     2 |     1 ||     5
       Shillelagh        |       |    22 |    71 ||    93
       Headbutt          |       |       |    27 ||    27
 Cast: Tukima's Dance    |     2 |     8 |       ||    10
       Ensorcelled Hiber |     1 |     8 |    20 ||    29
       Confusing Touch   |       |     5 |     5 ||    10
  Use: Potion            |       |     4 |     7 ||    11
       Scroll            |       |       |    13 ||    13
 Stab: Sleeping          |    15 |     9 |    15 ||    39
       Confused          |       |     6 |     3 ||     9
Armor: Robe              |    16 |     9 |     8 ||    33
Dodge: Dodged            |    52 |   101 |   106 ||   259

Table legend: (Time is in decaauts)
 A = Elapsed time spent in this place.
 B = Non-inter-level travel time spent in this place.
 C = Inter-level travel time spent in this place.
 D = Time resting spent in this place.
 E = Time spent auto-exploring this place.
 F = Levels seen in this place.
 G = Mean time per level.
                   A        B        C        D        E       F      G
               +--------+--------+--------+--------+--------+-----+--------+
         Total |   5034 |   4894 |    140 |    265 |   3369 |   9 |  559.3 |
       Dungeon |   4471 |   4343 |    128 |    207 |   3122 |   7 |  638.7 |
        Temple |    187 |    176 |     11 |     14 |    109 |   1 |  187.0 |
        Bailey |    375 |    375 |      0 |     44 |    138 |   1 |  375.0 |
               +--------+--------+--------+--------+--------+-----+--------+

Top non-repeatable levels by time:
     D:3: 963 daAuts
     D:2: 868 daAuts
     D:5: 652 daAuts
     D:1: 644 daAuts
     D:4: 547 daAuts
     D:6: 543 daAuts
  Bailey: 375 daAuts
     D:7: 251 daAuts
  Temple: 187 daAuts
